 Seeded DCSS version 0.30.1-4-g462c640d31 (webtiles) character file.

Game seed: 1882581695637917331 (custom seed)

334 Psyclone the Conjurer (level 6, 0/36 HPs)
             Began as an Octopode Conjurer on Sept 19, 2023.
             Killed by divine providence
             ... invoked by an orc priest
              (16 damage)
             ... on level 4 of the Dungeon.
             The game lasted 00:07:48 (3741 turns).

Psyclone the Conjurer (Octopode Conjurer)           Turns: 3741, Time: 00:07:48

Health: 0/36       AC:  1    Str:  6    XL:     6   Next: 53%
Magic:  9/12       EV: 13    Int: 23    God:
Gold:   152        SH:  0    Dex: 10    Spells: 3/13 levels left

rFire   . . .        a - +0 dagger (speed)
rCold   . . .        (no shield)
rNeg    . . .        (helmet restricted)
rPois   .            q - amulet of magic regeneration
rElec   .            (no ring)
rCorr   .            (no ring)
SInv    .            (no ring)
Will    .....        (no ring)
Stlth   +++          (no ring)
HPRegen 0.26/turn    (no ring)
MPRegen 0.53/turn    (no ring)
                     (no ring)

%: no passive effects
@: no status effects
A: almost no armour, amphibious, 8 rings, camouflage 1, gelatinous body 1,
(nimble swimmer 1), tentacles
a: no special abilities


You were on level 4 of the Dungeon.
You visited 1 branch of the dungeon, and saw 4 of its levels.

You collected 152 gold pieces.

Inventory:

Hand Weapons
 a - a +0 dagger of speed (weapon)
Jewellery
 q - an amulet of magic regeneration (around mantle)
 u - a ring of ice
Scrolls
 c - 7 scrolls of identify {unknown}
 d - 3 scrolls of amnesia {unknown}
 e - 2 scrolls of poison {unknown}
 g - 2 scrolls of blinking {unknown}
 h - a scroll of silence {unknown}
 i - 2 scrolls of magic mapping {unknown}
 k - 3 scrolls of enchant weapon {unknown}
 p - a scroll of acquirement {unknown}
 t - a scroll of brand weapon {unknown}
Potions
 b - 2 potions of ambrosia {unknown}
 f - 2 potions of curing
 j - a potion of magic
 l - a potion of invisibility {unknown}
 m - 3 potions of degeneration {unknown}
 n - a potion of cancellation {unknown}
 o - a potion of might {unknown}
 r - a potion of haste {unknown}
 s - a potion of flight {unknown}


   Skills:
 - Level 2.0 Dodging
 - Level 2.6 Stealth
 + Level 4.0 Spellcasting
 + Level 5.6 Conjurations
 - Level 3.0 Hexes


You had 3 spell levels left.
You knew the following spells:

 Your Spells              Type           Power      Damage    Failure   Level
a - Magic Dart            Conj           100%       1d8       1%          1
b - Searing Ray           Conj           60%        2d6       1%          2
d - Fulminant Prism       Conj/Hex       12%        3d9       19%         4
e - Tukima's Dance        Hex            18%        N/A       9%          3

Your spell library contained the following spells:

 Spells                   Type           Power      Damage    Failure   Level
 Dazzling Flash           Conj/Hex       48%        N/A       5%          3
 Iskenderun's Mystic Bla  Conj/Tloc      17%        2d5       32%         4
 Passage of Golubria      Tloc           4%         N/A       71%         4
 Yara's Violent Unravell  Hex/Tmut       5%         3d4       83%         5


Dungeon Overview and Level Annotations

Branches:
Dungeon (4/15) Zot: 20275
 Temple: D:4-7

Altars:
Cheibriados
Okawaru
Wu Jian

Annotations:
D:3 Ijyb


Innate Abilities, Weirdness & Mutations

You cannot wear most types of armour.
You are amphibious.
You can wear up to eight rings at the same time.
Your skin changes colour to match your surroundings (Stealth+).
Your rubbery body absorbs attacks. (AC +1, EV +1)
((You are camouflaged when in or above water. (Stealth+)))
You have tentacles for arms and can constrict up to eight enemies at once.


Message History

You are poisoned.
The adder poisons you!
You take 4 damage, and have 32/36 hp.
You now have 9/12 mp.
You feel sick. The adder closely misses you.
You take 1 damage, and have 31/36 hp.
You feel sick.
You take 1 damage, and have 30/36 hp.
The adder attacks as you move away! The adder bites you.
You feel sick.
You take 2 damage, and have 28/36 hp.
You feel sick.
The orc priest invokes the aid of Beogh against you.
Beogh smites you! The adder closely misses you.
You see here 4 stones.
You take 10 damage, and have 18/36 hp.
MASSIVE DAMAGE!!
You feel sick.
MP restored: 12
Casting: Magic Dart (safe; 1% risk of failure)
Confirm with . or Enter, or press ? or * to list all spells.
Aiming: Searing Ray (safe; 1% risk of failure)
Press: ? - help, Shift-Dir - straight line, f/p - adder
Aim: an adder (severely wounded, 66% to hit)
The searing ray hits the adder.
The adder is almost dead. (Press . to maintain the ray.)
You feel sick. The adder bites you.
You take 2 damage, and have 16/36 hp.
You now have 10/12 mp.
The searing ray hits the adder.
You kill the adder!
The searing ray hits the goblin!
You kill the goblin!
The searing ray hits the orc priest!
The orc priest is heavily wounded.
You feel sick.
You are no longer poisoned.
You take 1 damage, and have 15/36 hp.
The searing ray hits the orc priest.
The orc priest is almost dead.
The orc priest invokes the aid of Beogh against you.
Beogh smites you!
You die...

###..##.#....#....#...
#...##.....#...#.....#
####.####.#)#.......#.#.
##....# #.......#.#.oo.) #.
#..######.#...#.....#...#...
##)## #....#....#....#....#
#..# #...#...#...o.#...#...
#.#......#.......#.#o.$....#
..+....####.#.#.@()o..#.#....
..#......##.....#...#.....# .
###....#.....#....#....#....
# ##+######....#...#.....#..
# ##.#...#...#.#.... .
#...#####....... .# #####
#..... .# ### .#


You could see an orc priest and 2 orcs.

Vanquished Creatures
  An ogre (D:4)
  A phantom (D:4)
  An iguana (D:4)
  Terence (D:3)
  6 adders
  A worm (D:4)
  3 dart slugs
  4 orcs
  4 bats
  6 endoplasms
  A giant cockroach (D:4)
  5 goblins
  10 hobgoblins
  2 jackals (D:3)
  7 kobolds
  2 quokkas
  2 ball pythons
  2 frilled lizards (D:2)
  6 rats
65 creatures vanquished.

Vanquished Creatures (others)
  A fulminant prism (D:4)
1 creature vanquished.

Grand Total: 66 creatures vanquished

Notes
Turn   | Place    | Note
-------+----------+-------------------------------------------
     0 | D:1      | Psyclone the Octopode Conjurer began the quest for the Orb.
     0 | D:1      | Reached XP level 1. HP: 11/11 MP: 3/3
   310 | D:1      | Reached XP level 2. HP: 13/17 MP: 5/5
  1105 | D:2      | Reached XP level 3. HP: 15/21 MP: 4/7
  1150 | D:2      | Learned a level 2 spell: Searing Ray
  1158 | D:2      | Learned a level 3 spell: Tukima's Dance
  1781 | D:2      | Reached skill level 1 in Hexes
  1912 | D:3      | Reached XP level 4. HP: 27/27 MP: 1/8
  1982 | D:3      | Noticed Terence
  1994 | D:3      | Killed Terence
  2338 | D:3      | Noticed Ijyb
  2644 | D:3      | Found an ornate altar of the Wu Jian Council.
  3140 | D:4      | Noticed a phantom
  3158 | D:4      | Killed a phantom
  3159 | D:4      | Reached skill level 5 in Conjurations
  3159 | D:4      | Reached XP level 5. HP: 14/31 MP: 1/10
  3349 | D:4      | Found a snail-covered altar of Cheibriados.
  3437 | D:4      | Reached XP level 6. HP: 33/36 MP: 11/11
  3479 | D:4      | Found an iron altar of Okawaru.
  3593 | D:4      | Learned a level 4 spell: Fulminant Prism
  3741 | D:4      | Killed from afar by an orc priest

Illustrated notes

Levels and vault maps discovered:
D:1:      dpeg_arrival_erosion, layout_basic
D:2:      layout_basic, minmay_tripent
D:3:      layout_loops_ring, nicolae_wu_jian_wuxing_cycle, serial_bayou_pond_d,
          uniq_ijyb, uniq_terence
D:4:      layout_basic, lemuel_round_altar, kennysheep_slug_shrine,
          minmay_misc_feat_hallway, nicolae_kite_square_tiling_tiny

Skill      XL: |  1  2  3  4  5  6 |
---------------+-------------------+-----
Hexes          | 1 3 |  3.0
Spellcasting   | 3 4 |  4.0
Conjurations   | 5 |  5.6
Dodging        | |  2.0
Stealth        | |  2.6

Action                     |  1- 3 |  4- 6 || total
---------------------------+-------+-------++-------
  Melee: Dagger            |    33 |    29 ||    62
         Constrict         |     9 |     5 ||    14
         Tentacles         |     2 |     3 ||     5
         Punch             |     1 |       ||     1
   Cast: Magic Dart        |    46 |    46 ||    92
         Searing Ray       |     1 |     8 ||     9
         Fulminant Prism   |       |     1 ||     1
    Use: Potion            |       |     1 ||     1
   Stab: Sleeping          |     1 |     3 ||     4
 Armour: Skin              |     2 |     1 ||     3
  Dodge: Dodged            |    23 |    18 ||    41
